cohdb
Replays
Latest Replays
All Replays
Popular Replays
Top Player Replays
Match Explorer
How It Works
Community
CoH3 Stats
Reddit
Sign in to upload your games and track your stats! →
Sign in with Steam
Match 42776920
Unlisted
Match 42776920
Overview
Messages
Build Orders
End
Kradschützen Motorcycle Team
Selects Panzerjäger Kommand Battlegroup
Panzergrenadier Squad
Panzergrenadier Squad
Panzergrenadier Squad
Construct Light Support Kompanie
Fire Support Elements
Panzerjäger Mechanized Group
Flakvierling Half-track
Vehicle Survival Package
Veteran Squad Leaders
Panzerjäger Squad
Construct Panzerarmee Kommand
Selects Tank Busters
Selects Mine Fields
Selects Crew Shock Tactics
Pak 38 Mechanized Group
Panzer III L Medium Tank
Crew Shock Tactics
Panzer III L Medium Tank
Panzer III L Medium Tank
Emergency Repair Kits
Selects Anti-tank Overwatch
Selects Early Warning
Anti-tank Overwatch
仙台葉月@宮城のけち
Reactive
A2O
Dsadow
.
米浴
PH0BB05
Tharrats
0
0
Comments
sign in to comment!
No comments posted yet!